cohdb
Replays
Latest Replays
All Replays
Popular Replays
Top Player Replays
Match Explorer
How It Works
Community
CoH3 Stats
Reddit
Sign in to upload your games and track your stats! →
Sign in with Steam
Match 42745929
Unlisted
Match 42745929
Overview
Messages
Build Orders
End
Scout Squad
Selects Heavy Weapons
Construct Weapon Support Center
Scout Squad
M1919 Machine Gun Team
M1919 Machine Gun Team
M1919 Machine Gun Team
Construct Barracks
Selects Assault Carriers
Infantry Support Center
Selects Exchangeable Parts
M3 Assault Carrier
Riflemen Squad
Construct Medical Station
Grenade Package
Bazooka Squad
M3 Assault Carrier
Engineer Squad
Bazooka Squad
M3 Assault Carrier
M1919 Machine Gun Team
K̳itsuné
Miguel
0
0
Comments
sign in to comment!
No comments posted yet!